[Event "ICC tourney 2460 (45 10)"]
[Site "Internet Chess Club"]
[Date "2021.03.20"]
[Round "5"]
[White "Xiao, Michael:michaelxiao"]
[Black "Xia, Joshua:MathMonkey"]
[Result "0-1"]
[ICCResult "White resigns"]
[WhiteElo "1332"]
[BlackElo "1383"]
[Opening "Giuoco Pianissimo"]
[ECO "C50"]
[NIC "IG.02"]
[Time "21:02:09"]
[PlyCount "172"]
[TimeControl "2700+10"]

1. e4 e5 2. Nf3 Nc6 3. Bc4 Bc5 4. d3 Nf6 5. Bg5 h6 6. Bxf6 Qxf6 7. Nc3 O-O
8. O-O d6 9. Ne2 Bg4 10. Ne1 Nd4 11. Nf3 Bxf3 12. gxf3 Nxf3+ 13. Kg2 Nh4+
14. Kh3 Qf3+ 15. Ng3 Qf6 16. Qg4 Ng6 17. Nh5 Qg5 18. Rg1 Qxh5+ 19. Qxh5
Nf4+ 20. Kg4 Nxh5 21. Kxh5 Bxf2 22. Rg2 Be3 23. Re1 Bf4 24. Reg1 Bg5 25. h4
Bf6 26. Rf2 Kh7 27. a4 c6 28. Rf3 a6 29. Bb3 b5 30. axb5 axb5 31. c4 b4 32.
Rc1 c5 33. Rf2 Ra5 34. Re1 Rfa8 35. Rff1 g6+ 36. Kg4 h5+ 37. Kh3 Kg7 38.
Kg3 g5 39. hxg5 Bxg5 40. Rf5 Kg6 41. Kh3 Ra1 42. Rff1 Rxe1 43. Rxe1 Bd2 44.
Rg1+ Kh6 45. Rf1 Ra7 46. Rf5 Kg6 47. Kh4 Be1+ 48. Kh3 f6 49. Bd1 Rh7 50.
Rf1 Bd2 51. Rg1+ Bg5 52. Bf3 Kf7 53. Ra1 Ke6 54. Rh1 Rh6 55. b3 f5 56.
exf5+ Kxf5 57. Rf1 Bf4 58. Rg1 Kf6 59. Kh4 Be3 60. Rf1 Bg5+ 61. Kh3 Ke7 62.
Be2 h4 63. Bg4 Rf6 64. Rxf6 Kxf6 65. Bc8 e4 66. dxe4 Ke5 67. Bf5 Kd4 68.
Kg4 Bf6 69. Kh5 Kc3 70. Kg6 Bd8 71. Kf7 Kxb3 72. Ke6 Bc7 73. Kd7 Bb8 74.
Kc8 Kxc4 75. Kxb8 b3 76. Be6+ Kb4 77. Kc7 h3 78. Bxh3 b2 79. Kxd6 b1=Q 80.
Bf5 Qd3+ 81. Ke5 c4 82. Kf4 c3 83. e5 Qd4+ 84. Be4 c2 85. e6 c1=Q+ 86. Kf5
Qf1+ { White resigns } 0-1

[Event "ICC tourney 2460 (45 10)"]
[Site "Internet Chess Club"]
[Date "2021.03.20"]
[Round "5"]
[White "ZHOU, GREG:joeandjoe28"]
[Black "SAXENA, VIHAAN:vihaan2011"]
[Result "0-1"]
[ICCResult "White checkmated"]
[WhiteElo "1422"]
[BlackElo "1341"]
[Opening "Ruy Lopez: closed, Smyslov defense"]
[ECO "C93"]
[NIC "RL.22"]
[Time "21:01:18"]
[PlyCount "82"]
[TimeControl "2700+10"]

1. e4 e5 2. Nf3 Nc6 3. Bb5 a6 4. Ba4 Nf6 5. O-O b5 6. Bb3 d6 7. c3 Be7 8.
Re1 O-O 9. h3 h6 10. d4 Bb7 11. Nbd2 Re8 12. Nf1 Bf8 13. Ng3 g6 14. Bc2 Bg7
15. Be3 Na5 16. dxe5 dxe5 17. b3 Nc6 18. Qc1 Kh7 19. Nh2 Qe7 20. Ng4 Nxg4
21. hxg4 Rh8 22. g5 h5 23. Qd2 Kg8 24. Rad1 Rd8 25. Qe2 Rxd1 26. Rxd1 h4
27. Nf1 h3 28. gxh3 Bc8 29. Ng3 Rxh3 30. Kg2 Qe6 31. Nf5 Rh5 32. Rd2 Rh7
33. Nh6+ Bxh6 34. gxh6 Qh3+ 35. Kg1 Bg4 36. Qf1 Qh4 37. Qg2 Kf8 38. Qg3 Qh5
39. Qh2 Bh3 40. Bd1 Qh4 41. f3 Qe1# { White checkmated } 0-1

[Event "ICC tourney 2460 (45 10)"]
[Site "Internet Chess Club"]
[Date "2021.03.20"]
[Round "5"]
[White "Pulijala, Akshaj:akshajp"]
[Black "Sheppard, Henry Saadi:henrysaadi"]
[Result "1-0"]
[ICCResult "Black checkmated"]
[WhiteElo "1394"]
[BlackElo "1388"]
[Opening "Queen's pawn: Chigorin variation"]
[ECO "D00"]
[NIC "QP.08"]
[Time "21:01:53"]
[PlyCount "91"]
[TimeControl "2700+10"]

1. d4 d5 2. Nc3 Nf6 3. Bf4 e6 4. a3 Bd6 5. Bxd6 cxd6 6. Nf3 Nc6 7. e3 e5 8.
Be2 O-O 9. O-O Be6 10. h3 Qd7 11. Kh2 h6 12. Bb5 e4 13. Ng1 a6 14. Bxc6
bxc6 15. Nce2 c5 16. c3 Rab8 17. Qc2 c4 18. Nf4 Rb3 19. Nxe6 fxe6 20. Ne2
e5 21. Rab1 Qe7 22. Ng3 Qd7 23. f3 exf3 24. Rxf3 e4 25. Rf4 Qa4 26. Qe2 Qd7
27. Nh5 Qe7 28. Rbf1 Rbb8 29. Nxf6+ Rxf6 30. Rxf6 gxf6 31. Qh5 Kh7 32. Qf5+
Kg7 33. Rf4 Qf7 34. Rg4+ Kf8 35. Rg6 Qe7 36. Rxf6+ Kg8 37. Rg6+ Kh8 38. Qh5
Rg8 39. Rxh6+ Kg7 40. Rh7+ Kf8 41. Rxe7 Kxe7 42. Qxd5 Rg6 43. Qxe4+ Kf6 44.
Qd5 a5 45. Qxd6+ Kf5 46. Qe5# { Black checkmated } 1-0